 Dungeon Crawl Stone Soup version 0.31.0-1-g2c135a0 (webtiles) character file.

Game seed: 10290250675772591489

3117 samcosmo the Mimic (level 9, -2/121 HPs)
             Began as a Pale Draconian Shapeshifter on Mar 14, 2024.
             Was a Follower of Dithmenos.
             Slain by an orc warrior
             ... wielding a +0 glaive
              (10 damage)
             ... in a bailey.
             The game lasted 00:20:08 (8097 turns).

samcosmo the Mimic (Pale Draconian Shapeshifter)    Turns: 8097, Time: 00:20:09

Health: -2/121     AC:  7    Str: 19    XL:     9   Next: 60%
Magic:  9/9        EV: 16    Int: 10    God:    Dithmenos [*.....]
Gold:   449        SH:  0    Dex: 13    Spells: 8/8 levels left

rFire   + . .        j - melded +1 dagger (speed)
rCold   + . .        (shield currently unavailable)
rNeg    . . .        (body armour unavailable)
rPois   .            (helmet restricted)
rElec   .            (no cloak)
rCorr   .            (no gloves)
SInv    .            (no boots)
Will    .....        (no amulet) Stlth
                     k - ring of protection from cold
HPRegen 0.40/turn    l - ring of protection from fire
MPRegen 0.11/turn

%: no passive effects
@: berserking, flux-form, glowing, studying Shapeshifting, very quick
A: glow, contaminating, breathe steam, AC +7, unfitting armour, cold-blooded,
steam resistance
a: Breathe Steam, Begin Untransformation, Renounce Religion


You were in a bailey.
You worshipped Dithmenos.
Dithmenos was aware of your devotion.
You were something dangerously unstable.
You visited 2 branches of the dungeon, and saw 9 of its levels.
You also visited: Sewer and Bailey.

You collected 449 gold pieces.

Inventory:

Hand Weapons
 h - a +2 dagger of venom
 j - a +1 dagger of speed (melded)
 s - a +0 short sword of speed
Missiles
 f - 4 throwing nets (quivered)
Jewellery
 k - a ring of protection from cold (left hand)
 l - a ring of protection from fire (right hand)
 o - a ring of wizardry
Talismans
 b - a beast talisman
 c - a flux talisman (active)
Wands
 w - a wand of flame (18)
 z - a wand of polymorph (11)
 C - a wand of digging (10)
Scrolls
 g - 4 scrolls of teleportation
 m - 3 scrolls of revelation
 p - a scroll of fear
 u - a scroll of noise
Potions
 a - a potion of curing
 d - 2 potions of attraction
 e - 5 potions of enlightenment
 i - a potion of degeneration
 q - 3 potions of berserk rage
 t - a potion of brilliance {unknown}
 v - a potion of lignification
 A - 2 potions of invisibility {unknown}


   Skills:
 + Level 8.0 Fighting
 - Level 1.7 Dodging
 - Level 4.0 Unarmed Combat
 * Level 11.5 Shapeshifting


You had 8 spell levels left.
You didn't know any spells.
Your spell library contained the following spells:

 Spells                   Type           Power      Damage    Failure   Level
 Slow                     Hex            0%         N/A       36%         1
 Call Canine Familiar     Summ           0%         N/A       75%         3
 Confusing Touch          Hex            0%         N/A       75%         3
 Gell's Gravitas          Tloc           0%         N/A       75%         3
 Sigil of Binding         Hex            0%         N/A       75%         3
 Teleport Other           Tloc           0%         N/A       75%         3
 Vampiric Draining        Necr           0%         2d6       75%         3
 Dimensional Bullseye     Hex/Tloc       0%         N/A       98%         4
 Dispersal                Tloc           0%         N/A       100%        6


Dungeon Overview and Level Annotations

Branches:
Dungeon (8/15)             Temple (1/1) D:7           Sewer (visited)
 Bailey (1/1)
   Lair: D:8-11

Altars:
Ashenzari
Cheibriados
Dithmenos
Elyvilon
Fedhas
Gozag
Hepliaklqana
Kikubaaqudgha
Makhleb
Nemelex Xobeh
Okawaru
Qazlal
Ru
Sif Muna
Trog
Uskayaw
Vehumet
Wu Jian
Xom
Yredelemnul
Zin
The Shining One

Annotations:
D:5 3 runed translucent doors, Biscolet's ghost, novice FoHu


Innate Abilities, Weirdness & Mutations

You are something dangerously unstable.
You glow with magical radiation, making you easy to see and hit.
Foes you strike become dangerously contaminated with magical radiation.
You are incapable of wielding weapons or throwing items.
You can breathe blasts of scalding, opaque steam.
Your pale cyan-grey scales are hard. (AC +7)
You cannot fit into any form of body armour.
You are cold-blooded and may be slowed by cold attacks.
You are immune to the effects of steam.


Message History

The orc warrior stops glowing.
The orc warrior attacks as it pursues you!
The orc warrior misses you.
The orc warrior jeers repeatedly, in orcish tradition.
The orc warrior attacks as it pursues you!
The orc warrior hits you from afar with a +0 glaive!
* * * LOW HITPOINT WARNING * * *
The orc warrior attacks as it pursues you!
The orc warrior hits you from afar with a +0 glaive.
* * * LOW HITPOINT WARNING * * *
The orc warrior attacks as it pursues you!
The orc warrior closely misses you.
You feel much better. The orc warrior closely misses you.
A red film seems to cover your vision as you go berserk!
You feel yourself moving faster!
You feel mighty!
The orc warrior hits you from afar with a +0 glaive!!
You are too injured to fight recklessly!
You feel a strong urge to attack something.
The orc warrior barely misses you. x2
You closely miss the orc warrior. The orc hits you but does no damage.
You hit the orc warrior.
The orc warrior begins to glow.
The orc warrior is moderately wounded.
The orc warrior misses you.
The orc warrior hits you with a +0 glaive!
* * * LOW HITPOINT WARNING * * *
You hit the orc warrior.
The orc warrior glows dangerously bright.
The orc warrior is moderately wounded.
The orc closely misses you.
The orc warrior hits you with a +0 glaive!
* * * LOW HITPOINT WARNING * * *
You hit the orc warrior.
The orc warrior shudders as magic cascades through it.
The orc warrior twists and deforms.
The orc warrior is heavily wounded.
The orc warrior hits you with a +0 glaive!
* * * LOW HITPOINT WARNING * * *
The orc warrior misses you. The orc hits you but does no damage.
The orc warrior hits you with a +0 glaive!
You die...

####..≈≈≈≈≈..# .##
###.....≈≈≈≈...# ...
♣♣♣...♣♣..≈≈≈≈...##...
♣♣......♣..≈ ≈....#..#
♣.........######...#.8#
♣..∩...............#..#
♣.....oo...........'..#
♣.....p.o..........'..#
♣..∩...o.......)...#..#
♣.........######...#.8#
♣♣.........≈≈≈≈....#o.#
♣♣♣....♣..≈≈≈≈.♣.##...
###.....≈≈≈≈...# ...
##.♣..≈≈≈≈♣..# .##
#...≈≈≈≈≈♣..####
#♣.≈≈≈≈≈♣♣....#


You could see 3 orc warriors and an orc.

Vanquished Creatures
  Pikel (D:5)
  A steam dragon (D:7)
  An acid dragon (D:8)
  An orc warrior (Bailey)
  2 ice beasts
  A sky beast (D:6)
  4 black bears
  3 ogres
  A centaur (D:7)
  A phantom (D:6)
  4 lemures (D:5)
  Blork the orc (D:5)
  2 kobold brigands
  2 bullfrogs
  A gnoll sergeant (D:7)
  2 scorpions
  A burial acolyte (D:7)
  A jelly (D:6)
  2 hounds
  A bombardier beetle (D:5)
  3 gnoll boudas
  A sleepcap (D:4)
  3 iguanas
  Ijyb (D:5)
  17 gnolls
  2 river rats (Sewer)
  7 adders
  A white imp (D:4)
  4 ufetubi
  An adder zombie (D:7)
  3 ribbon worms
  3 dart slugs
  12 orcs
  2 bats
  13 endoplasms
  5 giant cockroaches
  9 goblins
  6 hobgoblins
  3 jackals
  17 kobolds
  4 quokkas
  9 ball pythons
  5 frilled lizards
  3 jackal zombies (D:7)
  8 rats
175 creatures vanquished.

Vanquished Creatures (others)
  An arcanist (D:4)
1 creature vanquished.

Grand Total: 176 creatures vanquished

Notes
Turn   | Place    | Note
-------+----------+-------------------------------------------
     0 | D:1      | samcosmo the Draconian Shapeshifter began the quest for the
                  | Orb.
     0 | D:1      | Reached XP level 1. HP: 16/16 MP: 1/1
   150 | D:1      | Reached XP level 2. HP: 23/23 MP: 2/2
   762 | D:2      | Reached XP level 3. HP: 27/28 MP: 3/3
  1390 | D:3      | Reached skill level 4 in Shapeshifting
  1453 | D:3      | Identified the +3 robe of Mysticism {rN+ rCorr}
  1506 | D:3      | Noticed a kobold brigand
  1515 | D:3      | Killed a kobold brigand
  1516 | D:3      | Reached XP level 4. HP: 19/35 MP: 4/4
  1900 | D:3      | Found a hazy altar of Hepliaklqana.
  2009 | D:4      | Reached XP level 5. HP: 37/40 MP: 5/5
  2028 | D:4      | Found a glowing drain.
  2120 | Sewer    | Entered a sewer
  2131 | Sewer    | Reached skill level 5 in Shapeshifting
  2284 | Sewer    | Reached XP level 6. HP: 14/50 MP: 6/6
  2494 | Sewer    | Found a white marble altar of Elyvilon.
  2768 | D:4      | Identified the +0 leather armour "Azilueph" {Str+3 Int-3
                  | Dex+3}
  2825 | D:4      | Reached skill level 6 in Shapeshifting
  2845 | D:4      | Your scales start taking on a pale cyan-grey colour.
  2845 | D:4      | Reached XP level 7. HP: 23/57 MP: 7/7
  2845 | D:4      | Gained mutation: You are immune to the effects of steam.
                  | [Pale Draconian growth]
  3239 | D:4      | Identified the +1 leather armour of the Eagle {SInv}
  3359 | D:4      | Found a bloodstained altar of Trog.
  3422 | D:4      | Noticed a wizard
  3427 | D:4      | Killed a wizard
  3615 | D:5      | Entered Level 5 of the Dungeon
  3637 | D:5      | Found a runed translucent gate.
  3638 | D:5      | Noticed Biscolet's ghost (novice FoHu)
  3638 | D:5      | Found a runed translucent gate.
  3638 | D:5      | Noticed Ijyb
  4418 | D:5      | Found a broken altar of Ashenzari.
  4446 | D:5      | Noticed Pikel
  4482 | D:5      | Killed Pikel
  4483 | D:5      | Reached skill level 5 in Fighting
  4483 | D:5      | Reached skill level 7 in Shapeshifting
  4483 | D:5      | Reached XP level 8. HP: 54/68 MP: 8/8
  4630 | D:5      | Reached skill level 8 in Shapeshifting
  4767 | D:5      | Noticed Blork the orc
  4784 | D:5      | Killed Blork the orc
  4877 | D:5      | Found a runed translucent gate.
  4884 | D:5      | Identified the +4 short sword of Destruction {freeze,
                  | *Corrode Fly Stlth+}
  4884 | D:5      | Identified the +0 leather armour of Xoum Soe {+Inv}
  4893 | D:5      | Killed Ijyb
  5513 | D:6      | Found a radiant altar of Vehumet.
  5612 | D:6      | Reached skill level 9 in Shapeshifting
  6131 | D:6      | Reached XP level 9. HP: 72/78 MP: 9/9
  6172 | D:6      | Found a burning altar of Makhleb.
  6428 | D:7      | Identified a scroll of acquirement
  6428 | D:7      | Acquired a manual of Shapeshifting
  6540 | D:7      | Found a glowing silver altar of Zin.
  6541 | D:7      | Found a sparkling altar of Nemelex Xobeh.
  6724 | D:7      | Reached skill level 10 in Shapeshifting
  6902 | D:7      | Found a stormy altar of Qazlal.
  6907 | D:7      | Found a shadowy altar of Dithmenos.
  6908 | D:7      | Found a blossoming altar of Fedhas.
  6908 | D:7      | Found an iron altar of Okawaru.
  7117 | D:7      | Became a worshipper of Dithmenos the Shadowed
  7255 | D:7      | Found a shimmering altar of Xom.
  7257 | D:7      | Found a shimmering altar of Xom.
  7257 | D:7      | Found a shimmering altar of Xom.
  7258 | D:7      | Found a shimmering altar of Xom.
  7260 | D:7      | Found a shimmering altar of Xom.
  7352 | D:7      | Found a staircase to the Ecumenical Temple.
  7393 | Temple   | Entered the Ecumenical Temple
  7458 | D:7      | Found an ancient bone altar of Kikubaaqudgha.
  7577 | D:7      | Reached skill level 11 in Shapeshifting
  7616 | D:7      | Identified the +1 quarterstaff of Sanwip {protect, rCorr}
  7628 | D:7      | Found a glowing golden altar of the Shining One.
  7866 | D:8      | Found a flagged portal.
  7972 | Bailey   | Entered a bailey
  7999 | Bailey   | Reached * piety under Dithmenos
  8097 | Bailey   | Slain by an orc warrior

Illustrated notes

Levels and vault maps discovered:
D:1:      evilmike_arrival_plus, layout_basic
D:2:      layout_loops_ring
D:3:      cheibrodos_thug_alley, layout_rooms, nzn_hepliaklqana_mist_gate
D:4:      minmay_opposing_rooms, layout_loops_cross, trog_wizard,
          cheibrodos_sewer_entry_drain, minmay_pentomino_pile
D:5:      kennysheep_spiral_hall, layout_loops_ring, kennysheep_mini,
          biasface_ghost_orc_armoury, uniq_blork_the_orc, uniq_ijyb, uniq_pikel
D:6:      layout_basic, mainiacjoe_overflow_chevrons, bloody_makhleb
D:7:      layout_basic, mainiacjoe_overflow_alcove_1,
          lemuel_zombie_altar_kikubaaqudgha, xom_redecorated,
          grunt_temple_overflow_open, minmay_temple_entry_crystal_x,
          grunt_ministairs_15
D:8:      layout_basic, gammafunk_ghost_abyssal_escape, enter_bailey_5,
          serial_shops, nicolae_square_shop, shop, shop, shop,
          grunt_ministairs_8
Temple:   nicolae_temple_bog_church
Bailey:   bailey_polearm_elven_captive_hellmonk, bailey

Skill      XL: |  1  2  3  4  5  6  7  8  9 |
---------------+----------------------------+-----
Shapeshifting  | 4 5 6 7 9 11 | 11.5
Unarmed Combat | 4 |  4.0
Fighting       | 2 3 5 6 8 |  8.0
Dodging        | |  1.7

Action                     |  1- 3 |  4- 6 |  7- 9 || total
---------------------------+-------+-------+-------++-------
  Melee: Unarmed           |   124 |    61 |   332 ||   517
         Tailslap          |     9 |    14 |    77 ||   100
         Punch             |     3 |     5 |     3 ||    11
         Dagger            |       |   117 |   116 ||   233
Ability: Breathe Steam     |       |       |     1 ||     1
    Use: Scroll            |     3 |     1 |     8 ||    12
         Potion            |       |     1 |     3 ||     4
   Stab: Sleeping          |     1 |       |       ||     1
 Armour: Skin              |    41 |    67 |   263 ||   371
  Dodge: Dodged            |    79 |    75 |   398 ||   552
   Form: Flux              |       |       |     1 ||     1
